 Dungeon Sprint DCSS version 0.24.1-14-gf8d2b509d9 (webtiles) character file.

Game seed: 7399937258880544261, levelgen mode: deterministic

7800000 Zeld the Conqueror (level 27, -47/273 HPs)
             Began as a Minotaur Fighter on June 5, 2022.
             Was the Champion of Makhleb.
             Annihilated by a destroyer
             ... wielding a +9 great sword of slicing
              (50 damage)
             ... in the Dungeon (Sprint VIII: "Arena of Blood").
             The game lasted 00:01:42 (78 turns).

Zeld the Conqueror (Minotaur Fighter)                 Turns: 78, Time: 00:01:42

Health: -47/273    AC: 13    Str: 34    XL:     27
Magic:  31/53      EV: 24    Int:  5    God:    Makhleb [******]
Gold:   0          SH:  0    Dex: 10    Spells: 80/80 levels left

rFire    . . .     SeeInvis .   a - +∞ Axe of Woe
rCold    . . .     Gourm    .   (shield currently unavailable)
rNeg     . . .     Faith    .   b - +0 scale mail
rPois    .         Spirit   .   (helmet restricted)
rElec    .         Reflect  .   (no cloak)
rCorr    .         Harm     .   (no gloves)
MR       ++...     NoTele   +   (no boots)
Stlth    ++++++++..             (no amulet)
HPRegen  0.55/turn              (no ring)
MPRegen  0.33/turn              (no ring)

@: slowed, very slow
A: retaliatory headbutt, horns 2
a: Minor Destruction, Lesser Servant of Makhleb, Major Destruction, Greater
Servant of Makhleb, Renounce Religion


You were in the Dungeon.
You worshipped Makhleb.
Makhleb was exalted by your worship.
You were not hungry.

You visited 1 branch

Inventory:

Hand Weapons
 a - the +∞ Axe of Woe (weapon)
   (You found it in the Dungeon)
Armour
 b - a +0 scale mail (worn)
 c - a +0 shield
Scrolls
 k - a scroll of blinking
Potions
 d - a potion of might
 e - a potion of curing
 g - a potion of heal wounds
 h - a potion of haste
 i - 2 potions of magic
 j - a potion of berserk rage
Comestibles
 f - a ration


   Skills:
 O Level 27 Fighting
 O Level 27 Axes
 O Level 27 Throwing
 O Level 27 Armour
 O Level 27 Dodging
 O Level 27 Stealth
 O Level 27 Shields
 O Level 27 Unarmed Combat
 O Level 27 Spellcasting
 O Level 27 Invocations


You had 80 spell levels left.
You didn't know any spells.
Your spell library was empty.

Dungeon Overview and Level Annotations

Branches:
Dungeon (1/1)

Altars:
Makhleb


Innate Abilities, Weirdness & Mutations

You reflexively headbutt those who attack you in melee.
You have a pair of horns on your head.


Message History

You hear a shout!
The meat berserker rages.
You hear a shout! x2
A tyrant comes into view.
A bag of meat comes into view. It is wielding a +9 war axe.
The accursed gestures at you while chanting.
Something smites you!
* * * LOW HITPOINT WARNING * * *
The eight-headed meat hydra calls on the powers of darkness!
The eight-headed meat hydra convulses!
The meat berserker convulses!
The bag of meat convulses!
Your body is wracked with pain!
* * * LOW HITPOINT WARNING * * *
You hear a shout! x2
A meat berserker comes into view. It is wielding a +9 battleaxe.
You hear a shout! x2
The meat berserker hits you with a +9 battleaxe!!
* * * LOW HITPOINT WARNING * * *
You hear a shout!
The destroyer hits you with a +9 great sword of slicing!!!
You die...

...O..... .L..%.
#.......# .%....
#.......# ......
.###.. .D..###.%....
......###.....M.....
....._....2.....%.
#..)..#°)O.o%.#o .
#_)<._#)@).%....
....#.))..#V))...#%#
......)_)).)☼☼......
......###)....%..%#.
.###....M))###......
#......D# .%%O%.
#....%..# .....%
.......... ...%..
....X.%.... #...#


You could see 2 accurseds, a meat beast, a tyrant (wandering), 2 eight-headed
meat hydras, a destroyer, 3 meat berserkers and 2 bags of meat.

Vanquished Creatures
  Sigmund (D)
  6 hell beasts (D)
  5 greater mummies (D)
  5 wraiths (D)
  21 vampire knights (D)
  24 ogres (D)
  7 two-headed ogres (D)
  3 liches (D)
  53 orcs (D)
  4 skeletal warriors (D)
  3 large abominations (D)
  6 small abominations (D)
  3 crawling corpses (D)
141 creatures vanquished.

Vanquished Creatures (others)
  2 crawling corpses (D)
2 creatures vanquished.

Grand Total: 143 creatures vanquished

Notes
Turn   | Place    | Note
-------+----------+-------------------------------------------
     0 | D        | Found the +∞ Axe of Woe
     0 | D        | Zeld the Minotaur Fighter began the quest for the Orb.
     0 | D        | Reached XP level 1. HP: 19/19 MP: 0/0
     1 | D        | Noticed a bag of meat
     3 | D        | Noticed a bag of meat
     3 | D        | Noticed a bag of meat
     4 | D        | Noticed a meat berserker
     4 | D        | Noticed a bag of meat
     6 | D        | Noticed a bag of meat
     8 | D        | Killed a meat berserker
     8 | D        | Reached XP level 2. HP: 59/59 MP: 1/1
     8 | D        | Reached XP level 3. HP: 66/66 MP: 2/2
     8 | D        | Reached XP level 4. HP: 74/74 MP: 3/3
     8 | D        | Reached XP level 5. HP: 81/81 MP: 4/4
     8 | D        | Reached XP level 6. HP: 90/90 MP: 5/5
     8 | D        | Reached XP level 7. HP: 96/96 MP: 6/6
     8 | D        | Reached XP level 8. HP: 105/105 MP: 7/7
     8 | D        | Reached XP level 9. HP: 112/112 MP: 8/8
     8 | D        | Reached XP level 10. HP: 121/121 MP: 9/9
     8 | D        | Reached XP level 11. HP: 127/127 MP: 10/10
     8 | D        | Reached XP level 12. HP: 136/136 MP: 11/11
     8 | D        | Reached XP level 13. HP: 143/143 MP: 12/12
     8 | D        | Noticed a bag of meat
     9 | D        | Killed a bag of meat
     9 | D        | Killed a bag of meat
     9 | D        | Reached skill level 15 in Axes
     9 | D        | Reached XP level 14. HP: 119/160 MP: 13/13
     9 | D        | Noticed a bag of meat
     9 | D        | Noticed a meat berserker
    10 | D        | Killed a bag of meat
    10 | D        | Killed a bag of meat
    10 | D        | Reached XP level 15. HP: 129/173 MP: 14/14
    10 | D        | Noticed a meat berserker
    13 | D        | Killed a meat berserker
    13 | D        | Reached skill level 27 in Fighting
    13 | D        | Reached skill level 27 in Armour
    13 | D        | Reached skill level 27 in Shields
    13 | D        | Reached skill level 27 in Axes
    13 | D        | Reached XP level 16. HP: 107/183 MP: 15/15
    13 | D        | Reached skill level 15 in Dodging
    14 | D        | Noticed a meat berserker
    15 | D        | Reached XP level 17. HP: 100/191 MP: 16/16
    16 | D        | Became a worshipper of Makhleb the Destroyer
    16 | D        | Noticed a meat berserker
    18 | D        | Reached skill level 27 in Dodging
    20 | D        | Killed a meat berserker
    20 | D        | Reached * piety under Makhleb
    20 | D        | Reached skill level 10 in Unarmed Combat
    20 | D        | Killed a meat berserker
    20 | D        | Reached XP level 18. HP: 47/200 MP: 16/30
    21 | D        | Noticed a destroyer
    22 | D        | Killed a meat berserker
    22 | D        | Reached skill level 15 in Throwing
    22 | D        | Reached skill level 15 in Invocations
    23 | D        | Noticed a large bag of meat
    23 | D        | Noticed a large bag of meat
    23 | D        | Noticed a meat berserker
    24 | D        | Killed a destroyer
    24 | D        | Reached ** piety under Makhleb
    24 | D        | Reached XP level 19. HP: 106/207 MP: 16/33
    25 | D        | Noticed a meat berserker
    25 | D        | Noticed a destroyer
    26 | D        | Killed a meat berserker
    26 | D        | Reached skill level 27 in Stealth
    26 | D        | Reached *** piety under Makhleb
    26 | D        | Reached XP level 20. HP: 140/216 MP: 17/36
    28 | D        | Killed a large bag of meat
    28 | D        | Reached **** piety under Makhleb
    29 | D        | Killed a meat berserker
    29 | D        | Reached XP level 21. HP: 224/224 MP: 17/42
    29 | D        | Killed a destroyer
    29 | D        | Reached ***** piety under Makhleb
    29 | D        | Reached skill level 27 in Unarmed Combat
    31 | D        | Reached skill level 27 in Throwing
    31 | D        | Reached skill level 27 in Invocations
    31 | D        | Reached XP level 22. HP: 233/233 MP: 18/48
    33 | D        | Killed a large bag of meat
    33 | D        | Reached skill level 27 in Spellcasting
    34 | D        | Noticed a destroyer
    34 | D        | Noticed a destroyer
    36 | D        | Killed a destroyer
    36 | D        | Reached ****** piety under Makhleb
    36 | D        | Reached XP level 23. HP: 240/240 MP: 19/53
    37 | D        | Noticed a destroyer
    37 | D        | Noticed a destroyer
    39 | D        | Noticed a destroyer
    40 | D        | Killed a destroyer
    41 | D        | Killed a destroyer
    41 | D        | Reached XP level 24. HP: 82/249 MP: 20/53
    42 | D        | Killed a destroyer
    43 | D        | Reached XP level 25. HP: 257/257 MP: 21/53
    43 | D        | Noticed a destroyer
    44 | D        | Noticed an accursed
    44 | D        | Killed a destroyer
    44 | D        | Noticed a destroyer
    46 | D        | Reached XP level 26. HP: 266/266 MP: 22/53
    46 | D        | Noticed a large bag of meat
    46 | D        | Noticed a destroyer
    48 | D        | Noticed a large bag of meat
    48 | D        | Killed a destroyer
    48 | D        | Reached XP level 27. HP: 273/273 MP: 22/53
    48 | D        | Noticed a large bag of meat
    49 | D        | Noticed a destroyer
    50 | D        | Killed a destroyer
    51 | D        | Noticed an accursed
    51 | D        | Noticed a tyrant
    51 | D        | Noticed a destroyer
    52 | D        | Noticed an accursed
    52 | D        | Killed an accursed
    52 | D        | Noticed a destroyer
    53 | D        | Noticed a destroyer
    54 | D        | Killed a destroyer
    54 | D        | Noticed a destroyer
    55 | D        | Killed a large bag of meat
    55 | D        | Killed an accursed
    55 | D        | Noticed a large bag of meat
    56 | D        | Noticed an accursed
    56 | D        | Noticed a large bag of meat
    56 | D        | Noticed a tyrant
    57 | D        | Killed a large bag of meat
    57 | D        | Killed a destroyer
    57 | D        | Killed a destroyer
    57 | D        | Noticed a meat beast
    58 | D        | Killed a tyrant
    58 | D        | Killed a meat beast
    58 | D        | Killed a large bag of meat
    58 | D        | Noticed a meat beast
    60 | D        | Noticed a destroyer
    60 | D        | Noticed a tyrant
    60 | D        | Noticed The Captor
    61 | D        | Killed a meat beast
    62 | D        | Killed a destroyer
    62 | D        | Killed a destroyer
    62 | D        | Noticed a destroyer
    62 | D        | Noticed an accursed
    63 | D        | Noticed a dread
    64 | D        | Noticed a dread
    65 | D        | Killed a large bag of meat
    65 | D        | Killed an accursed
    65 | D        | Noticed a destroyer
    66 | D        | Noticed a dread
    66 | D        | Killed a large bag of meat
    66 | D        | Noticed a meat beast
    66 | D        | Noticed a destroyer
    67 | D        | Killed a meat beast
    67 | D        | Noticed a meat beast
    68 | D        | Killed a destroyer
    68 | D        | Killed a tyrant
    69 | D        | Killed a tyrant
    69 | D        | Killed a destroyer
    69 | D        | Killed a dread
    69 | D        | Killed a destroyer
    69 | D        | Noticed a destroyer
    69 | D        | Noticed a destroyer
    70 | D        | Killed a destroyer
    70 | D        | Killed The Captor
    70 | D        | Noticed an accursed
    70 | D        | Noticed a dread
    71 | D        | Noticed a meat beast
    71 | D        | Killed a destroyer
    71 | D        | Killed an accursed
    71 | D        | Killed a destroyer
    72 | D        | Noticed a dread
    72 | D        | Killed a meat beast
    72 | D        | Killed a destroyer
    72 | D        | Killed a meat beast
    72 | D        | Killed an accursed
    73 | D        | Killed a dread
    73 | D        | Noticed an accursed
    74 | D        | Killed a dread
    74 | D        | Killed a dread
    74 | D        | Noticed a meat beast
    76 | D        | Noticed a meat beast
    77 | D        | Killed a dread
    77 | D        | Killed a meat beast
    77 | D        | Noticed a destroyer
    78 | D        | Noticed a tyrant
    78 | D        | HP: 3/273 [meat berserker/+9 battleaxe (26)]
    78 | D        | Annihilated by a destroyer

Levels and vault maps discovered:
D:        meatsprint

Skill      XL: |  1  2  3  4  5  6  7  8  9 10 11 12 13 14 15 16 17 18 19 20 21 22 |
---------------+-------------------------------------------------------------------+-----
Fighting       | 21 24 26 27 | 27.0
Axes           | 13 15 18 27 | 27.0
Armour         | 20 23 25 27 | 27.0
Shields        | 21 23 25 27 | 27.0
Dodging        | 3 24 27 | 27.0
Throwing       | 13 15 18 24 27 | 27.0
Stealth        | 12 23 27 | 27.0
Unarmed Combat | 14 17 20 26 27 | 27.0
Spellcasting   | 9 11 13 18 23 27 | 27.0
Invocations    | 13 15 18 24 27 | 27.0

Action                   |  1- 3 |  4- 6 |  7- 9 | 10-12 | 13-15 | 16-18 | 19-21 | 22-24 | 25-27 || total
-------------------------+-------+-------+-------+-------+-------+-------+-------+-------+-------++-------
Melee: Executioner's axe |     1 |       |       |       |     3 |     6 |     4 |     8 |    29 ||    51
Armor: Scale mail        |       |       |       |       |       |       |       |       |     3 ||     3
Dodge: Dodged            |       |       |       |       |       |     1 |       |       |     3 ||     4
